 Dungeon Crawl Stone Soup version 0.20.0-15-g7f486f2 (console) character file.

25 removed the Grave Robber (level 2, 5/13 HPs)
             Began as a Spriggan Necromancer on June 10, 2017.
             Quit the game on level 1 of the Dungeon.
             The game lasted 00:01:18 (1117 turns).

removed the Grave Robber (Spriggan Necromancer)     Turns: 1117, Time: 00:01:19

Health: 5/13       AC:  2    Str:  4    XL:     2   Next: 86%
Magic:  0/7        EV: 18    Int: 16    God:
Gold:   43         SH:  0    Dex: 16    Spells: 7/8 levels left

rFire    . . .     SeeInvis +   j - +0 spear
rCold    . . .     Gourm    .   (shield restricted)
rNeg     . . .     Faith    .   a - +0 robe
rPois    .         Spirit   .   (helmet restricted)
rElec    .         Reflect  .   (no cloak)
rCorr    .         Harm     .   (gloves unavailable)
MR       .....                  (boots unavailable)
Stlth    +++.......             (no amulet)
Regen    0.1/turn               k - ring of stealth
MPRegen  0.1/turn               (no ring)

@: very slightly contaminated, very quick
A: unfitting armour, see invisible, herbivore 3, speed 3, slow metabolism 2
a: no special abilities


You were on level 1 of the Dungeon.
You were not hungry.

You visited 1 branch of the dungeon, and saw 1 of its levels.

You collected 43 gold pieces.

Inventory:

Hand Weapons
 j - a +0 spear (weapon)
Armour
 a - a +0 robe (worn)
Jewellery
 k - a ring of stealth (left hand)
Scrolls
 d - a scroll of noise {unknown}
 e - 4 scrolls of enchant armour {unknown}
 f - a scroll of amnesia {unknown}
 g - a scroll of identify {unknown}
Potions
 i - a potion of heal wounds {unknown}
Books
 b - a book of Necromancy

   Spells                             Type                      Level
   a - Pain                           Necromancy                   1
   b - Animate Skeleton               Necromancy                   1
   c - Vampiric Draining              Necromancy                   3
   d - Regeneration                   Charms/Necromancy            3
   e - Animate Dead                   Necromancy                   4
   f - Control Undead                 Necromancy                   4
Comestibles
 c - 2 bread rations
 h - a royal jelly


   Skills:
 - Level 3.0 Dodging
 - Level 3.0 Stealth
 + Level 3.6 Spellcasting
 + Level 4.0 Necromancy


You had 7 spell levels left.
You knew the following spells:

 Your Spells              Type           Power        Failure   Level  Hunger
a - Pain                  Necr           ###.         3%          1    None


Dungeon Overview and Level Annotations

Branches:
Dungeon (1/15)

Altars:


Innate Abilities, Weirdness & Mutations

You are very small and have problems with some larger weapons.
You are too small for most types of armour.
You have supernaturally acute eyesight. (SInv)
You are a herbivore.
You cover ground extremely quickly.
You need consume almost no food.


Message History

Aim: a worm (moderately wounded)
You reach to attack!
You barely miss the worm.
The worm is moderately wounded.
Attack whom?
Press: ? - help, Dir - move target cursor, f/p - worm
Aim: a worm (lightly wounded)
You reach to attack!
You hit the worm.
The worm is moderately wounded.
Attack whom?
Press: ? - help, Dir - move target cursor, f/p - worm
Aim: a worm (moderately wounded)
You reach to attack!
You hit the worm.
The worm is moderately wounded.
Casting: Pain
Confirm with . or Enter, or press ? or * to list all spells.
Aiming: Pain
Press: ? - help, Shift-Dir - straight line, f/p - worm
Aim: a worm (moderately wounded, chance to defeat MR: 80%)
The worm writhes in agony!
Are you sure you want to abandon this character and quit the game? (Confirm with "yes".)

)...#8...8#........# #.##...
######...##........########.##...
#[..###...#####.............
##...###...# #.......######
#8...8##...# #............. #
####...######## #.......##...#
###8##...##8###8####.......##...#
....(.............###########...#
..............w.@.###########...#
.................................
###8##...##8###8##.##########...#
# ####...########.....#.........#
#8...8##.......##.#.######..#
##...#########.##.#.# #..# #...#
######.(....# #... ##...##
#.........########.## #8...8#
#.#######(.........#


You could see a worm.

Vanquished Creatures
  A gnoll (D:1)
  2 bats (D:1)
  A goblin (D:1)
  2 hobgoblins (D:1)
  2 jackals (D:1)
  3 kobolds (D:1)
  3 rats (D:1)
14 creatures vanquished.

Notes
Turn   | Place    | Note
-------+----------+-------------------------------------------
     0 | D:1      | removed the Spriggan Necromancer began the quest for the Orb.
     0 | D:1      | Reached XP level 1. HP: 9/9 MP: 5/5
   398 | D:1      | Reached XP level 2. HP: 10/13 MP: 2/6
   527 | D:1      | Reached skill level 4 in Necromancy
  1117 | D:1      | Quit the game

Skill      XL: |  1  2 |
---------------+-------+-----
Spellcasting   | 3 |  3.6
Necromancy     | 4 |  4.0
Dodging        | |  3.0
Stealth        | |  3.0

Action                   || total
-------------------------++-------
Melee: Spear             ||    13
 Cast: Pain              ||    32
Armor: Robe              ||     1
Dodge: Dodged            ||    10
